 Dungeon Crawl Stone Soup version 0.21.1-1-g345015fe64 (webtiles) character file.

4601 Kohma the Blocker (level 10, -4/132 HPs)
             Began as a Minotaur Fighter on June 22, 2018.
             Was a Priest of Trog.
             Slain by Grum
             ... wielding a +1 spear
              (12 damage)
             ... on level 8 of the Dungeon.
             The game lasted 00:26:54 (7642 turns).

Kohma the Blocker (Minotaur Fighter)                Turns: 7642, Time: 00:26:55

Health: -4/132     AC: 14    Str: 27    XL:     10   Next: 19%
Magic:  9/9        EV:  6    Int:  5    God:    Trog [***...]
Gold:   466        SH: 16    Dex: 15    Spells: 9/9 levels left

rFire    . . .     SeeInvis .   a - +1 long sword
rCold    . . .     Gourm    .   t - +3 shield of Yppiyv {Dex+3}
rNeg     . . .     Faith    .   A - +0 plate armour
rPois    .         Spirit   .   (helmet restricted)
rElec    .         Reflect  .   m - +0 cloak
rCorr    .         Harm     .   y - +1 pair of gloves
MR       .....                  (no boots)
Stlth    ..........             (no amulet)
HPRegen  0.32/turn              (no ring)
MPRegen  0.11/turn              (no ring)

@: berserking, lethally poisoned (-4 -> -4), very quick
A: retaliatory headbutt, horns 2
a: Berserk, Trog's Hand, Burn Spellbooks, Renounce Religion


You were on level 8 of the Dungeon.
You worshipped Trog.
Trog was most pleased with you.
You were very hungry.

You visited 2 branches of the dungeon, and saw 9 of its levels.
You also visited: Sewer.

You collected 466 gold pieces.

Inventory:

Hand Weapons
 a - a +1 long sword (weapon)
 n - a +0 hunting sling
Missiles
 u - 32 sling bullets
Armour
 h - a +1 pair of gloves
 m - a +0 cloak (worn)
 t - the +3 shield of Yppiyv (worn) {Dex+3}
   (You found it on level 4 of the Dungeon)

   It affects your dexterity (+3).
 w - the cursed +1 ring mail of Wielymm {+Fly rPois rN++}
   (You found it on level 6 of the Dungeon)

   It protects you from poison.
   It greatly protects you from negative energy.
   It lets you fly.
   It has a curse placed upon it.
 y - a +1 pair of gloves (worn)
 A - a +0 plate armour (worn)
 H - a +0 troll leather armour {Purgy}
Wands
 p - a wand of acid (11)
Scrolls
 b - a scroll of identify
 e - 2 scrolls of teleportation
 g - 6 scrolls of remove curse
 i - 3 scrolls of fog
 k - 2 scrolls of enchant weapon
 o - a scroll of enchant armour
 v - a scroll of fear
 F - 3 scrolls of blinking
Potions
 c - a potion of haste {unknown}
 d - 2 potions of might
 j - 2 potions of berserk rage
 l - 3 potions of cancellation
 q - 3 potions of brilliance
 r - 2 potions of invisibility
 s - 7 potions of curing
 x - a potion of resistance
 z - a potion of heal wounds {unknown}
 B - a potion of lignification {unknown}
 C - a potion of agility {unknown}
 E - a potion of magic {unknown}
 G - a potion of mutation {unknown}
Comestibles
 f - 22 rations


   Skills:
 + Level 8.0 Fighting
 * Level 11.6 Long Blades
 - Level 3.6 Armour
 * Level 11.9 Shields


You had 9 spell levels left.
You didn't know any spells.

Dungeon Overview and Level Annotations

Branches:
Dungeon (8/15)             Temple (1/1) D:4
   Lair: D:8-11

Altars:
Ashenzari
Cheibriados
Dithmenos
Fedhas
Gozag
Hepliaklqana
Kikubaaqudgha
Makhleb
Qazlal
Ru
Sif Muna
Trog
Uskayaw
Wu Jian
Xom
Yredelemnul
The Shining One

Annotations:
D:8 Grum


Innate Abilities, Weirdness & Mutations

You reflexively headbutt those who attack you in melee.
You have a pair of horns on your head.


Message History

You barely miss the wolf.
You kill the wolf!
Trog accepts your kill.
Your Fighting skill increases to level 8!
You feel sick.
Grum points his finger and snarls, "Attack!"
You block Grum's attack.
You see here a wolf corpse.
You hit Grum.
Grum is lightly wounded.
Grum hits you but does no damage.
You slash Grum!
Grum is moderately wounded.
You closely miss Grum.
Grum is moderately wounded.
You block Grum's attack.
You slash Grum!
Grum is heavily wounded.
You feel sick. Grum hits you with an enchanted spear!
You die...

....#.....# #....'..)..'....#
........#.... #....#.....#)...#
###.#.#.##### #....#######....# #
#.#.#...... #...............#
###.#....... #...............#
#.........## ########'#########
#.#...#.#.#. ........<........#
#.#.....#.#.#########.#######.#..
..##......#.)..g@...#.....# #.#
####.##.####)#.####.#####.###.#
#.##.#.†..#.# #...........#
#.#....####+########.....###
#.#............ #.....+
#.#...#.##.... #.....# #.#g...h#
.. ##....# #.#####.> ######....#
#... #.........+


You could see Grum.

Vanquished Creatures
  A two-headed ogre (D:8)
  A centaur zombie (D:7)
  Grinder (D:4)
  Sigmund (D:3)
  The ghost of Salt the Cudgeler, an amateur GrFi of Hepliaklqana (D:4)
  Purgy (Sewer)
  2 orc warriors (D:7)
  A sky beast (D:8)
  An ogre (D:6)
  3 wolves (D:8)
  2 phantoms
  4 centaurs
  A crocodile (D:7)
  3 bullfrogs
  A gnoll sergeant (D:8)
  3 scorpions
  2 killer bees (D:8)
  9 wights (D:7)
  3 crimson imps
  A quasit (D:6)
  A bullfrog zombie (D:7)
  2 hounds
  2 jellies
  A bullfrog skeleton (D:6)
  3 orc wizards
  A centaur skeleton (D:4)
  Terence (D:2)
  2 iguanas
  11 worker ants
  Natasha (thrice) (D:2)
  A killer bee zombie (D:8)
  2 hound skeletons
  2 gnolls (D:8)
  7 adders
  A shadow imp (D:6)
  An ooze (D:1)
  An adder skeleton (D:6)
  7 worms
  A dart slug (D:1)
  5 leopard geckos
  13 orcs
  23 giant cockroaches
  5 goblins
  4 hobgoblins
  12 jackals
  8 kobolds
  A quokka (D:5)
  A ball python (D:5)
  11 bats
  8 frilled lizards
  A jackal zombie (D:5)
  A leopard gecko skeleton (D:4)
  2 quokka skeletons (D:5)
  4 rats
191 creatures vanquished.

Vanquished Creatures (others)
  A leopard gecko (D:4)
1 creature vanquished.

Grand Total: 192 creatures vanquished

Notes
Turn   | Place    | Note
-------+----------+-------------------------------------------
     0 | D:1      | Kohma the Minotaur Fighter began the quest for the Orb.
     0 | D:1      | Reached XP level 1. HP: 19/19 MP: 0/0
    22 | D:1      | Reached XP level 2. HP: 22/26 MP: 1/1
   919 | D:1      | Reached XP level 3. HP: 31/31 MP: 2/2
  1054 | D:2      | Noticed Natasha
  1065 | D:2      | Killed Natasha
  1084 | D:2      | Noticed Natasha
  1093 | D:2      | Killed Natasha
  1093 | D:2      | Reached skill level 5 in Shields
  1093 | D:2      | Reached XP level 4. HP: 9/39 MP: 3/3
  1129 | D:2      | Noticed Natasha
  1131 | D:2      | Killed Natasha
  1964 | D:2      | Noticed Terence
  1973 | D:2      | Killed Terence
  1973 | D:2      | Reached XP level 5. HP: 45/45 MP: 4/4
  2187 | D:3      | Reached skill level 5 in Long Blades
  2390 | D:3      | Found a stormy altar of Qazlal.
  2738 | D:3      | Noticed Sigmund
  2750 | D:3      | Killed Sigmund
  2750 | D:3      | Reached XP level 6. HP: 42/51 MP: 5/5
  3355 | D:4      | Noticed Salt's ghost (amateur GrFi)
  3467 | D:4      | Killed Salt's ghost
  3467 | D:4      | Reached XP level 7. HP: 54/58 MP: 6/6
  3469 | D:4      | Found a staircase to the Ecumenical Temple.
  3478 | Temple   | Entered the Ecumenical Temple
  3726 | D:4      | Found a bloodstained altar of Trog.
  3739 | D:4      | Became a worshipper of Trog the Wrathful
  3827 | D:4      | Got a brightly glowing shield
  3839 | D:4      | Identified the +3 shield of Yppiyv {Dex+3} (You found it on level 4 of the Dungeon)
  3914 | D:4      | Noticed Grinder
  3914 | D:4      | Paralysed by Grinder for 4 turns
  3929 | D:4      | Paralysed by Grinder for 3 turns
  3938 | D:4      | Killed Grinder
  4058 | D:4      | Found a hazy altar of Hepliaklqana.
  4266 | D:5      | Entered Level 5 of the Dungeon
  4889 | D:5      | Found an opulent altar of Gozag.
  4939 | D:6      | Reached XP level 8. HP: 67/67 MP: 7/7
  4960 | D:6      | Got a twisted ring mail
  4971 | D:6      | Reached * piety under Trog
  4973 | D:6      | Reached skill level 5 in Fighting
  5071 | D:6      | Found a glowing drain.
  5091 | Sewer    | Entered a sewer
  5138 | Sewer    | Noticed Purgy
  5146 | Sewer    | Killed Purgy
  5257 | D:6      | Identified the cursed +1 ring mail of Wielymm {+Fly rPois rN++} (You found it on level 6 of the Dungeon)
  6095 | D:7      | Reached ** piety under Trog
  6135 | D:7      | Reached skill level 10 in Shields
  6135 | D:7      | Reached XP level 9. HP: 69/75 MP: 8/8
  6277 | D:7      | Reached skill level 10 in Long Blades
  7021 | D:8      | Found a runed door.
  7058 | D:8      | Found a runed door.
  7447 | D:8      | Noticed a two-headed ogre
  7476 | D:8      | Killed a two-headed ogre
  7476 | D:8      | Reached XP level 10. HP: 77/88 MP: 9/9
  7589 | D:8      | Noticed Grum
  7595 | D:8      | Reached *** piety under Trog
  7642 | D:8      | Slain by Grum

Skill      XL: |  1  2  3  4  5  6  7  8  9 10 |
---------------+-------------------------------+-----
Long Blades    | 3 4 6 7 9 11 | 11.6
Shields        | 4 5 6 7 8 10 11 | 11.9
Fighting       | 4 6 7 8 |  8.0
Armour         | |  3.6

Action                   |  1- 3 |  4- 6 |  7- 9 | 10-12 || total
-------------------------+-------+-------+-------+-------++-------
Melee: Long sword        |    58 |   167 |   402 |    46 ||   673
       Headbutt          |     5 |    27 |   100 |     7 ||   139
Invok: Berserk           |       |       |     1 |     1 ||     2
       Burn Spellbooks   |       |       |     1 |       ||     1
  Use: Potion            |     1 |     1 |       |       ||     2
       Scroll            |       |     9 |    14 |       ||    23
  Eat: Chunk             |     1 |     3 |    11 |     1 ||    16
       Ration            |       |     1 |     1 |       ||     2
Armor: Scale mail        |    30 |    25 |       |       ||    55
       Plate armour      |       |    51 |   189 |    23 ||   263
Dodge: Dodged            |    18 |    30 |    61 |     7 ||   116
Block: Shield            |    34 |    82 |   307 |    39 ||   462
       Rpst.: Long sword |     3 |     7 |    19 |       ||    29
